[Event "Titled Tuesday Blitz January 31 Late 2023"]
[White "Zhou, Qiyu"]
[Black "Sailer, Mike"]
[WhiteFideId "505161"]
[BlackFideId "2012901"]
[WhiteElo "2201"]
[BlackElo "2109"]
[Result "1-0"]
[Round "07"]
[TimeControl "180+2"]
[Date "2023.01.31"]
[WhiteClock "0:01:41"]
[BlackClock "0:00:19"]

1. e4 d5 2. exd5 Qxd5 3. Nc3 Qd6 4. Bc4 Nf6 5. d3 Nc6 6. Be3 Bg4 7. f3 Bf5 8. Qd2 e6 9. O-O-O O-O-O 10. g4 Bg6 11. Kb1 Na5 12. Nb5 Nxc4 13. Nxd6+ Nxd6 14. Qf2 b6 15. Ne2 h6 16. Nf4 Bh7 17. h4 Be7 18. g5 Nd5 19. Nxd5 exd5 20. gxh6 gxh6 21. Bxh6 Nf5 22. Bg5 f6 23. Bf4 Kb7 24. h5 Bg8 25. h6 Bd6 26. Qd2 Rd7 27. Rdg1 Rdh7 28. Rg6 Be7 29. a4 Bf7 30. Rg2 d4 31. Rgh2 Bd5 32. Qf2 c5 33. Rh5 Be6 34. Qe2 Bd6 35. Bxd6 Nxd6 36. Qxe6 Nf7 37. Qxf6 Nxh6 38. Rxh6 Rxh6 39. Rxh6 Rxh6 40. Qxh6 1-0


[Site "https://www.chess.com"]

[Event "Titled Tuesday Blitz January 31 Late 2023"]
[White "Kalajzic, Ivan"]
[Black "Ortez, Andrea"]
[WhiteFideId "14506378"]
[BlackFideId "6702392"]
[WhiteElo "2062"]
[BlackElo "1961"]
[Result "0-1"]
[Round "07"]
[TimeControl "180+2"]
[Date "2023.01.31"]
[WhiteClock "0:00:07"]
[BlackClock "0:00:15"]

1. d4 d5 2. Nc3 e6 3. Nf3 Nf6 4. Bg5 Be7 5. Bxf6 Bxf6 6. e4 dxe4 7. Nxe4 Nd7 8. c3 O-O 9. Bd3 e5 10. d5 Re8 11. Qc2 Nf8 12. O-O-O g6 13. h3 Bg7 14. g4 Qxd5 15. Kb1 Qc6 16. Qe2 a6 17. g5 Be6 18. Nf6+ Bxf6 19. gxf6 Bd5 20. Nxe5 Rxe5 21. Qxe5 Bxh1 22. Qg5 Re8 23. Bc2 Ne6 24. Qh6 Be4 25. Bxe4 Qxe4+ 26. Ka1 Qf5 27. a3 Qxf6 28. Rd7 Re7 29. Qd2 Rxd7 30. Qxd7 Kg7 31. Qc8 Qxf2 32. Qxb7 Qe1+ 33. Ka2 a5 34. Qb5 Qe4 35. Qxa5 Qf3 36. Qe5+ Qf6 37. Qd5 h6 38. a4 h5 39. a5 c6 40. a6 cxd5 41. a7 Qd8 42. b4 Qa8 43. Kb3 Qxa7 44. Kc2 Qb7 45. Kd3 Qc6 46. Kc2 Qc4 47. h4 d4 48. b5 Qxc3+ 49. Kb1 Qb4+ 50. Ka2 Qxb5 51. Ka3 Qf5 52. Ka2 Qg4 53. Kb1 Qxh4 54. Kc2 Qf4 55. Kd3 Qf5+ 56. Kc4 Qe4 57. Kb5 d3 58. Kb6 d2 59. Ka7 d1=Q 60. Kb8 Qd8+ 61. Ka7 Qda8+ 62. Kb6 Qab7+ 63. Ka5 Qeb4# 0-1


[Site "https://www.chess.com"]

[Event "Titled Tuesday Blitz January 31 Late 2023"]
[White "Onslow, Alfie"]
[Black "Vargas, Mauricio"]
[WhiteFideId "436976"]
[BlackFideId "4404572"]
[WhiteElo "2157"]
[BlackElo "2035"]
[Result "1-0"]
[Round "07"]
[TimeControl "180+2"]
[Date "2023.01.31"]
[WhiteClock "0:01:45"]
[BlackClock "0:01:24"]

1. e4 c5 2. Nc3 d6 3. d4 cxd4 4. Qxd4 Nf6 5. b3 Nc6 6. Qd2 g6 7. Bb2 Bg7 8. O-O-O O-O 9. f3 Rb8 10. Kb1 a6 11. g4 b5 12. h4 b4 13. Nd5 e6 14. Nxf6+ Bxf6 15. Qxd6 Bxh4 16. Rxh4 Qxh4 17. Qxc6 Bb7 18. Qc5 a5 19. Qe5 f6 20. Qxe6+ Kg7 21. Bc4 Bc8 22. Qe7+ Kh8 23. Qxf8# 1-0


[Site "https://www.chess.com"]

[Event "Titled Tuesday Blitz January 31 Late 2023"]
[White "Corredor Castellanos, Camilo"]
[Black "Rose, Felix"]
[WhiteFideId "4425871"]
[BlackFideId "5105722"]
[WhiteElo "1957"]
[BlackElo "2091"]
[Result "1-0"]
[Round "07"]
[TimeControl "180+2"]
[Date "2023.01.31"]
[WhiteClock "0:00:51"]
[BlackClock "0:00:19"]

1. e4 e5 2. Nf3 Nc6 3. Bb5 a6 4. Ba4 Nf6 5. O-O Be7 6. Re1 b5 7. Bb3 d6 8. c3 O-O 9. h3 Nb8 10. d4 Nbd7 11. Nbd2 Bb7 12. Bc2 Re8 13. Nf1 Bf8 14. a4 c5 15. Ng3 g6 16. d5 c4 17. Nd2 Nc5 18. b4 cxb3 19. Nxb3 Nxa4 20. Re3 Rc8 21. Ne2 Bh6 22. Rf3 Bxc1 23. Qxc1 Kg7 24. g4 Qc7 25. Qg5 Qe7 26. Ng3 Qd8 27. Rxf6 Rxc3 28. Nf5+ Kh8 29. Nh6 Rf8 30. Bd1 Bc8 31. Na5 Kg7 32. Rxf7+ Rxf7 33. Qxd8 Kxh6 34. Bxa4 bxa4 35. Nc6 Bd7 36. Nb8 Bb5 37. Qxd6 Rxh3 38. Qxe5 Rhf3 39. g5+ Kh5 40. Ra2 a3 41. Nc6 Bc4 42. Ra1 Rxf2 43. Nd8 R7f4 44. Ne6 a2 45. Nxf4+ 1-0


[Site "https://www.chess.com"]

[Event "Titled Tuesday Blitz January 31 Late 2023"]
[White "Romero Ruscalleda, Josep"]
[Black "Prohorov, Olexandr"]
[WhiteFideId "2231859"]
[BlackFideId "14105578"]
[WhiteElo "2160"]
[BlackElo "2086"]
[Result "1-0"]
[Round "07"]
[TimeControl "180+2"]
[Date "2023.01.31"]
[WhiteClock "0:00:15"]
[BlackClock "0:00:14"]

1. e4 c5 2. c3 e5 3. Nf3 Nc6 4. Bc4 Qc7 5. O-O Be7 6. Qe2 Nf6 7. Rd1 O-O 8. d4 d6 9. h3 a6 10. a4 b6 11. Nbd2 Bb7 12. Nf1 Na5 13. Bd3 cxd4 14. cxd4 Nb3 15. dxe5 dxe5 16. Rb1 Rfd8 17. Bg5 Nd4 18. Nxd4 Rxd4 19. Ng3 g6 20. Qf3 Qd8 21. Bc2 Nd7 22. Rxd4 exd4 23. Bh6 Ne5 24. Qf4 f6 25. Rd1 Rc8 26. Bb3+ Kh8 27. Qd2 Bc5 28. Kh2 Qe7 29. f4 Nd7 30. e5 Re8 31. exf6 Qxf6 32. Qd3 Nf8 33. Bg5 Qd6 34. Qc4 Ne6 35. Bf6+ Kg8 36. Be5 Qc6 37. Rd2 b5 38. axb5 axb5 39. Qd3 Kf8 40. f5 Ng5 41. fxg6 hxg6 42. Rf2+ Ke7 43. Bf6+ Kd7 44. Bxg5 Bd6 45. Qd2 b4 46. Bf4 Rh8 47. Qxd4 Kc7 48. Qxd6+ Qxd6 49. Bxd6+ Kxd6 50. Rf6+ Ke5 51. Rxg6 Kf4 52. Rg7 Ba8 53. Ne2+ Ke3 54. Re7+ Kd2 55. Nf4 Rf8 56. Bd5 Rxf4 57. Bxa8 Kc2 58. Bd5 Kxb2 59. g3 Rd4 60. Bg2 Rd2 61. Rb7 Kc3 62. h4 b3 63. h5 b2 64. h6 Rd6 65. h7 Rh6+ 66. Kg1 Kc2 67. Kf2 b1=Q 68. Be4+ Kc3 69. Bxb1 Rf6+ 70. Kg2 Rh6 71. Kf3 Kd4 72. Kg4 Ke5 73. Kg5 Rh3 74. g4 Rh1 75. Kg6 Kd4 76. g5 Ke3 77. Kg7 Kf4 78. g6 Kg5 79. h8=Q Kf4 80. Kg8 Rg1 81. Qd4+ Kf3 82. Qxg1 Ke2 83. Qf1+ Ke3 84. Re7+ Kd4 85. Qd1+ Kc5 86. Qc2+ Kd5 87. Rd7+ Ke5 88. Qc6 Kf4 89. Rd5 Kg4 90. Qc4+ Kf3 91. Rd3+ Ke2 92. Qc2+ Ke1 93. Rd1# 1-0


[Site "https://www.chess.com"]

[Event "Titled Tuesday Blitz January 31 Late 2023"]
[White "Lenderman, Aleksandr"]
[Black "Yu, Yangyi"]
[WhiteFideId "2021285"]
[BlackFideId "8603820"]
[WhiteElo "2572"]
[BlackElo "2729"]
[Result "0-1"]
[Round "08"]
[TimeControl "180+2"]
[Date "2023.01.31"]
[WhiteClock "0:02:12"]
[BlackClock "0:01:40"]

1. Nf3 d5 2. e3 Nf6 3. c4 e6 4. b3 b6 5. Bb2 Bb7 6. Nc3 a6 7. cxd5 exd5 8. d4 Bd6 9. Bd3 Nbd7 10. O-O O-O 11. Ne2 Qe7 12. Qc2 Ne4 13. Rac1 Rac8 14. Qb1 f5 15. Bc2 Rf6 16. Nf4 Rh6 17. g3 g5 18. Nd3 g4 19. Nfe5 Bxe5 20. Nxe5 Nd2 21. Bxf5 Nxe5 22. f4 0-1


[Site "https://www.chess.com"]

[Event "Titled Tuesday Blitz January 31 Late 2023"]
[White "Bacrot, Etienne"]
[Black "Dubov, Daniil"]
[WhiteFideId "605506"]
[BlackFideId "24126055"]
[WhiteElo "2667"]
[BlackElo "2708"]
[Result "0-1"]
[Round "08"]
[TimeControl "180+2"]
[Date "2023.01.31"]
[WhiteClock "0:01:53"]
[BlackClock "0:02:07"]

1. e4 c5 2. Nf3 e6 3. d4 cxd4 4. Nxd4 Nf6 5. Nc3 Nc6 6. Nxc6 bxc6 7. e5 Nd5 8. Ne4 Qc7 9. f4 Rb8 10. c4 Bb4+ 11. Ke2 O-O 12. cxd5 cxd5 13. Ng5 f6 14. exf6 Rxf6 15. Qd3 Rf5 16. g4 Rxg5 17. fxg5 Ba6 18. Qxa6 Qc2+ 19. Kf3 Qe4+ 20. Kg3 Be1+ 0-1


[Site "https://www.chess.com"]

[Event "Titled Tuesday Blitz January 31 Late 2023"]
[White "Carlsen, Magnus"]
[Black "Mosadeghpour, Masoud"]
[WhiteFideId "1503014"]
[BlackFideId "12519278"]
[WhiteElo "2853"]
[BlackElo "2472"]
[Result "1/2-1/2"]
[Round "08"]
[TimeControl "180+2"]
[Date "2023.01.31"]
[WhiteClock "0:00:05"]
[BlackClock "0:00:07"]

1. e4 e5 2. Nf3 Nf6 3. Nxe5 d6 4. Nf3 Nxe4 5. d3 Nf6 6. d4 d5 7. Bd3 Bd6 8. Qe2+ Qe7 9. Qxe7+ Kxe7 10. O-O Re8 11. Re1+ Kf8 12. Rxe8+ Kxe8 13. Nc3 c6 14. Bd2 h6 15. Re1+ Kf8 16. Ne5 Nbd7 17. f4 Kg8 18. g4 Nf8 19. f5 Bd7 20. h3 Re8 21. Bf4 Bc8 22. Kf2 N8h7 23. Kg3 Ng5 24. h4 Ngh7 25. Re2 a6 26. Kf3 c5 27. dxc5 Bxc5 28. g5 hxg5 29. hxg5 Nh5 30. Bd2 Bd6 31. Nxf7 Rxe2 32. Nxe2 Kxf7 33. g6+ Kg8 34. gxh7+ Kxh7 35. Nf4 Nf6 36. Bc3 Ne4 37. Nxd5 Nxc3 38. Nxc3 Kh6 39. b3 Be5 40. Nd5 Kg5 41. Ne3 Bf4 42. Be4 b5 43. Nd5 Bd6 44. Ne3 Bc5 45. c4 Bxe3 46. Kxe3 bxc4 47. bxc4 Bxf5 48. Bb7 Kf6 49. Bxa6 Ke5 50. Bb7 Be6 51. Kd3 Kd6 52. Kd4 Kc7 53. Bd5 Bd7 54. c5 g5 55. Ke5 g4 56. Kf4 Bc6 57. Bc4 Bd7 58. Bb3 Kc6 59. Ba4+ Kc7 60. Bxd7 Kxd7 61. Kxg4 Kc6 62. a4 Kxc5 63. a5 Kb5 64. Kh3 Ka6 65. Kh2 Ka7 66. a6 Kb6 67. a7 Kb7 68. a8=Q+ Kxa8 1/2-1/2


[Site "https://www.chess.com"]

[Event "Titled Tuesday Blitz January 31 Late 2023"]
[White "Svane, Rasmus"]
[Black "Andreikin, Dmitry"]
[WhiteFideId "4657101"]
[BlackFideId "4158814"]
[WhiteElo "2623"]
[BlackElo "2729"]
[Result "0-1"]
[Round "08"]
[TimeControl "180+2"]
[Date "2023.01.31"]
[WhiteClock "0:00:02"]
[BlackClock "0:00:04"]

1. Nf3 d5 2. g3 g6 3. Bg2 Bg7 4. d4 Nf6 5. O-O O-O 6. c4 c6 7. Qb3 Qb6 8. Nc3 Rd8 9. Bd2 Be6 10. Na4 Qc7 11. Nc5 Bc8 12. cxd5 cxd5 13. Rfc1 Nc6 14. Bf4 Qb6 15. e3 h6 16. Ne5 Na5 17. Qxb6 axb6 18. Na4 Ra6 19. Bf1 Nc4 20. Nxc4 dxc4 21. b3 b5 22. Nc5 Rc6 23. bxc4 bxc4 24. Bxc4 Nh5 25. Be2 Nxf4 26. gxf4 g5 27. fxg5 hxg5 28. Bf3 Rc7 29. Nxb7 Bxb7 30. Rxc7 Bxf3 31. Rxe7 Bf8 32. Re5 g4 33. a4 Bd6 34. Rg5+ Kh7 35. a5 Kh6 36. Rb5 Kg7 37. Rg5+ Kf6 38. Rb5 Rh8 39. Rb6 Ke7 40. Rxd6 Kxd6 41. a6 Ra8 42. a7 Kc6 43. h3 gxh3 44. Kh2 Kb6 45. Kxh3 Rg8 46. Rb1+ Kxa7 47. Rb5 Ka6 48. Rc5 Kb6 49. Re5 Kc6 50. Re7 Bd5 51. e4 Kd6 52. Re5 Bc6 53. Kh2 f6 54. Rf5 Bxe4 55. Rxf6+ Kd5 56. Rf4 Rg7 57. f3 Bd3 58. Rg4 Rf7 59. Kg3 Be2 60. Rf4 Rg7+ 61. Kf2 Bd3 62. Ke3 Bb1 63. Rh4 Re7+ 64. Kf2 Bf5 65. Rf4 Be6 66. Rh4 Rf7 67. Ke3 Bf5 68. Rf4 Re7+ 69. Kf2 Bd3 70. Rh4 Re2+ 71. Kg3 Bc2 72. Rf4 Rd2 73. Rh4 Bd3 74. Rf4 Bb1 75. Rh4 Ba2 76. Rf4 Bc4 77. Rh4 Rd3 78. Kf2 Rc3 79. Kg3 Be2 80. Rf4 Bd1 81. Kf2 Rd3 82. Kg3 Bb3 83. Kf2 Kd6 84. Kg3 Bd5 85. Kf2 Kc6 86. Kg3 Kb5 87. Kf2 Kc4 88. Kg3 Kc3 89. Kf2 Kd2 90. Rf5 Rxd4 91. Kg3 Ke3 92. Re5+ Kd3 93. Re1 Kc4 94. Rc1+ Kb5 95. f4 Be6 96. Re1 Bd7 97. Re5+ Kc6 98. Re1 Kd6 99. Re3 Bf5 100. Re5 Rd3+ 101. Kh4 Be6 102. Kg5 Rf3 103. Re1 Bd5 104. f5 Bc4 105. f6 Bf7 106. Re7 Be6 107. Re8 Ke5 108. Rf8 Rg3+ 109. Kh6 Rg1 110. Rb8 Kxf6 111. Rb5 Bf5 112. Rb6+ Be6 113. Rb5 Rg8 114. Kh7 Rg6 115. Rc5 Rg4 116. Kh6 Rg2 117. Rb5 Bc4 118. Rb6+ Be6 119. Rc6 Rh2# 0-1


[Site "https://www.chess.com"]

[Event "Titled Tuesday Blitz January 31 Late 2023"]
[White "Duda, Jan-Krzysztof"]
[Black "Deac, Bogdan-Daniel"]
[WhiteFideId "1170546"]
[BlackFideId "1226380"]
[WhiteElo "2724"]
[BlackElo "2700"]
[Result "0-1"]
[Round "08"]
[TimeControl "180+2"]
[Date "2023.01.31"]
[WhiteClock "0:00:01"]
[BlackClock "0:00:06"]

1. e4 e5 2. Nf3 Nc6 3. Bb5 a6 4. Ba4 Bc5 5. c3 Nge7 6. d4 exd4 7. cxd4 Bb4+ 8. Nc3 d5 9. O-O Bxc3 10. exd5 Qxd5 11. Bb3 Qh5 12. bxc3 Bg4 13. Re1 O-O-O 14. Bd2 Nd5 15. Bc2 Rhe8 16. Be4 Nf6 17. Bxc6 bxc6 18. Qa4 Bxf3 19. Qxa6+ Kd7 20. gxf3 Qxf3 21. Qf1 Ne4 22. Re3 Qg4+ 23. Rg3 Nxg3 24. hxg3 h5 25. Bf4 h4 26. Qc4 hxg3 27. Bxg3 Qf3 28. d5 Qxd5 29. Qg4+ f5 30. Qxg7+ Re7 31. Qh6 Rg8 32. Qf4 Kc8 33. c4 Qe4 34. Qxe4 Rxe4 35. Kf1 f4 36. f3 Re3 37. Bf2 Rxf3 38. a4 Rh8 39. Kg2 Rc3 40. a5 Rg8+ 41. Kf1 Kb7 42. a6+ Ka8 43. c5 Rc2 0-1


[Site "https://www.chess.com"]

[Event "Titled Tuesday Blitz January 31 Late 2023"]
[White "Caruana, Fabiano"]
[Black "Chigaev, Maksim"]
[WhiteFideId "2020009"]
[BlackFideId "4108116"]
[WhiteElo "2764"]
[BlackElo "2628"]
[Result "1-0"]
[Round "08"]
[TimeControl "180+2"]
[Date "2023.01.31"]
[WhiteClock "0:00:05"]
[BlackClock "0:00:04"]

1. d4 Nf6 2. Nf3 g6 3. Bf4 Bg7 4. e3 O-O 5. h3 c5 6. c3 Qb6 7. Qb3 d6 8. Nbd2 Be6 9. Bc4 Bxc4 10. Nxc4 Qc7 11. O-O Nbd7 12. Rfd1 a6 13. a4 b6 14. Ncd2 Qc6 15. Qc2 cxd4 16. exd4 b5 17. axb5 axb5 18. Qd3 Nd5 19. Be3 N7b6 20. Re1 Nc4 21. Nxc4 bxc4 22. Qe2 Rab8 23. Ra2 Rfc8 24. Rea1 h6 25. Ra4 Rb3 26. Bc1 Rb7 27. g3 Kh7 28. h4 e6 29. Nd2 Nb6 30. Ra5 d5 31. Nf3 Nd7 32. Bf4 Qb6 33. R1a2 Nf6 34. Ne5 Ne4 35. Ra6 Qd8 36. Ra7 Qe7 37. R7a6 Qe8 38. Qc2 f6 39. Nf3 g5 40. Be3 Rc6 41. Nd2 Rxa6 42. Rxa6 Qg6 43. h5 Qf5 44. Nxe4 dxe4 45. Ra4 Qf3 46. Rxc4 f5 47. Bd2 Ra7 48. Ra4 Rxa4 49. Qxa4 f4 50. Be1 Qe2 51. Qa1 e3 52. fxe3 fxe3 53. Qb1+ Kh8 54. b4 Qf3 55. b5 e2 56. Bf2 Qxc3 57. b6 Bxd4 58. Bxd4+ Qxd4+ 59. Kg2 Qd5+ 60. Kf2 e1=Q+ 61. Qxe1 Qf5+ 62. Kg2 Qd5+ 63. Kg1 Qc5+ 64. Qf2 Qc1+ 65. Kh2 Qb1 66. Kg2 Qe4+ 67. Kh2 Qb4 68. Qe3 Qb2+ 69. Kh3 Kg7 70. Qxe6 Qb5 71. Qg6+ Kf8 72. Qxh6+ Kf7 73. Qg6+ Ke7 74. Qg7+ Ke6 75. Qg6+ Ke7 76. Qg7+ Ke6 77. Qg8+ Kf5 78. Qf7+ Ke4 79. h6 Qxb6 80. Qe7+ Kf5 81. Qf7+ Ke4 82. Qh5 Qg1 83. Qg4+ Kd5 84. Qxg5+ Ke4 85. Qg4+ Ke5 86. Qf4+ Ke6 87. Kg4 Qd1+ 88. Kg5 Qd5+ 89. Kg6 Qd3+ 90. Kh5 1-0


[Site "https://www.chess.com"]

[Event "Titled Tuesday Blitz January 31 Late 2023"]
[White "Hansen, Eric"]
[Black "Dominguez Perez, Leinier"]
[WhiteFideId "2606771"]
[BlackFideId "3503240"]
[WhiteElo "2609"]
[BlackElo "2739"]
[Result "1/2-1/2"]
[Round "08"]
[TimeControl "180+2"]
[Date "2023.01.31"]
[WhiteClock "0:00:02"]
[BlackClock "0:00:04"]

1. e4 Nf6 2. e5 Nd5 3. c4 Nb6 4. d4 d6 5. exd6 exd6 6. Bd3 Be7 7. Ne2 O-O 8. O-O Na6 9. Nbc3 c6 10. Ng3 Nb4 11. Bb1 d5 12. c5 Nd7 13. Nf5 Bf6 14. Bf4 g6 15. Nh6+ Kh8 16. Re1 Bg7 17. Qd2 b6 18. Bd6 bxc5 19. dxc5 Nf6 20. Be7 Qc7 21. Qg5 Re8 22. Qxf6 Be6 23. Nxf7+ Bxf7 24. Qxf7 d4 25. Bxg6 dxc3 26. bxc3 Nd5 27. Bd6 Qxf7 28. Bxf7 Rxe1+ 29. Rxe1 Nxc3 30. h4 Nb5 31. Bg3 Nd4 32. h5 Nf5 33. Bf4 Bd4 34. g4 Rf8 35. Bb3 Nh4 36. Bg3 Nf3+ 37. Kf1 Nxe1 38. Kxe1 Re8+ 39. Kd2 Bxc5 40. Kd3 Bf8 41. g5 h6 42. g6 Bg7 43. Bf4 Rf8 44. Be3 Rf5 45. Bd1 Ra5 46. Bf3 Rxa2 47. Bxc6 a5 48. Kc4 a4 49. Kb4 a3 50. Kb3 Ra1 51. Be4 a2 52. Ka3 Bf8+ 53. Kb3 Bg7 54. Ka3 Kg8 55. Bd5+ Kh8 56. Be4 1/2-1/2


[Site "https://www.chess.com"]

[Event "Titled Tuesday Blitz January 31 Late 2023"]
[White "Babazada, Khazar"]
[Black "Jones, Gawain C B"]
[WhiteFideId "13413554"]
[BlackFideId "409561"]
[WhiteElo "2474"]
[BlackElo "2618"]
[Result "1-0"]
[Round "08"]
[TimeControl "180+2"]
[Date "2023.01.31"]
[WhiteClock "0:00:16"]
[BlackClock "0:00:02"]

1. Nf3 Nf6 2. g3 g6 3. Bg2 Bg7 4. O-O c5 5. d3 Nc6 6. Nbd2 O-O 7. e4 d6 8. Re1 e5 9. a4 h6 10. Nc4 Be6 11. b3 a6 12. Nfd2 b6 13. Bb2 Qc7 14. a5 b5 15. Nb6 Ra7 16. f4 exf4 17. gxf4 Nxa5 18. Rxa5 Qxb6 19. Qa1 Nh5 20. Bxg7 Nxg7 21. Kh1 f5 22. e5 d5 23. Qa3 b4 24. Qa4 Nh5 25. Rf1 Rd8 26. Qa1 Kh7 27. Ra4 a5 28. Qe1 Bd7 29. Ra1 Bc6 30. Qh4 Qc7 31. Rae1 Qe7 32. Qf2 a4 33. bxa4 Rxa4 34. Nb3 Ra2 35. Ra1 Rda8 36. Rxa2 Rxa2 37. e6 Qxe6 38. Qxc5 Ng7 39. Nd4 Qe3 40. Qxb4 Be8 41. Re1 Qxf4 42. Qb3 Ra7 43. Nf3 h5 44. h4 Qg3 45. Qb6 Rf7 46. Qd4 Kh6 47. Rxe8 Nxe8 48. Qh8+ Rh7 49. Qxe8 Qd6 50. Ng5 Re7 51. Qh8+ 1-0


[Site "https://www.chess.com"]

[Event "Titled Tuesday Blitz January 31 Late 2023"]
[White "Nakamura, Hikaru"]
[Black "Terry, Renato"]
[WhiteFideId "2016192"]
[BlackFideId "3803457"]
[WhiteElo "2775"]
[BlackElo "2520"]
[Result "0-1"]
[Round "08"]
[TimeControl "180+2"]
[Date "2023.01.31"]
[WhiteClock "0:00:03"]
[BlackClock "0:00:02"]

1. c4 e5 2. Nc3 Nc6 3. g3 g6 4. Bg2 Bg7 5. e3 d6 6. Nge2 Be6 7. Nd5 Qd7 8. d3 Nge7 9. Nec3 O-O 10. O-O f5 11. f4 Rae8 12. Bd2 Nd8 13. Qa4 Qxa4 14. Nxa4 Nxd5 15. cxd5 Bd7 16. Nc3 exf4 17. gxf4 c5 18. dxc6 bxc6 19. Rac1 Ne6 20. b4 Rb8 21. a3 Rfc8 22. Rb1 Nc7 23. a4 Kf7 24. Rfc1 Ke7 25. Ne2 Ne6 26. d4 Kd8 27. Be1 Bf6 28. Rc2 Be7 29. Rcb2 Nc7 30. Nc1 a6 31. Nb3 Nd5 32. Na5 Nxe3 33. Bf3 Bf6 34. Bf2 Ng4 35. Rd2 Nxf2 36. Kxf2 d5 37. Ke3 Be7 38. Rdb2 Bd6 39. Be2 Rb6 40. b5 cxb5 41. axb5 axb5 42. Bxb5 Rcb8 43. Bxd7 Rxb2 44. Rxb2 Rxb2 45. Bc6 Rxh2 46. Bxd5 Rh3+ 47. Bf3 Bc7 48. Nc4 h6 49. d5 g5 50. fxg5 hxg5 51. Kf2 g4 52. Be2 Bf4 53. Bf1 Rc3 54. Na5 Kd7 55. Nc4 Kc7 56. Be2 Bg3+ 57. Kg2 Bd6 58. Kf2 Bc5+ 59. Kg2 Bd4 60. Kf1 Rc1+ 61. Kg2 Rg1+ 62. Kh2 Re1 63. Bd3 f4 64. d6+ Kc6 65. Bf5 Re2+ 66. Kh1 Re1+ 67. Kg2 Rg1+ 68. Kh2 g3+ 69. Kh3 Rh1+ 70. Kg4 Re1 71. Kf3 Rf1+ 72. Kg4 Rf2 73. d7 Kc7 74. Kh3 g2 75. Kh2 Ra2 76. Nd6 g1=Q+ 77. Kh3 Qg3# 0-1


[Site "https://www.chess.com"]

[Event "Titled Tuesday Blitz January 31 Late 2023"]
[White "Zierk, Steven"]
[Black "Jobava, Baadur"]
[WhiteFideId "2034255"]
[BlackFideId "13601520"]
[WhiteElo "2488"]
[BlackElo "2578"]
[Result "1-0"]
[Round "08"]
[TimeControl "180+2"]
[Date "2023.01.31"]
[WhiteClock "0:00:06"]
[BlackClock "0:00:06"]

1. e4 d6 2. d4 Nf6 3. Nc3 e5 4. Nf3 Nbd7 5. Bc4 Be7 6. O-O O-O 7. Re1 h6 8. a4 a5 9. h3 Re8 10. Nh4 exd4 11. Qxd4 Ne5 12. Ba2 Nh5 13. Nf5 Bxf5 14. exf5 c6 15. Be3 Nf6 16. Rad1 Ned7 17. g4 d5 18. Kg2 Bc5 19. Qf4 Bxe3 20. Rxe3 Qb6 21. Qd4 Qb4 22. Ne2 Rxe3 23. fxe3 Re8 24. Qxb4 axb4 25. Kf3 Ne5+ 26. Kf4 Ne4 27. Bxd5 Nf2 28. Rf1 Nxh3+ 29. Kg3 cxd5 30. Kxh3 Nc4 31. b3 Rxe3+ 32. Ng3 Na3 33. Rd1 Nxc2 34. Rxd5 Rxb3 35. Rd8+ Kh7 36. Rd7 Ne3 37. Nh5 Nxf5+ 38. Kh2 Ne3 39. Kg3 Nd5+ 40. Kf2 Ne3 41. Kg3 Nf5+ 42. Kf4 g5+ 43. Kxf5 Rf3+ 44. Ke4 Rf1 45. Rxb7 Re1+ 46. Kf3 Rf1+ 47. Ke2 Rg1 48. Rxf7+ Kg8 49. Rb7 Rg2+ 50. Kf3 Rb2 51. Nf6+ Kf8 52. a5 b3 53. a6 Ra2 54. a7 b2 55. Nd7+ Ke7 56. Nb6+ Ke6 57. a8=Q b1=Q 58. Qc8+ Kd6 59. Rd7+ Ke5 60. Qe8+ Kf6 61. Rf7+ Kg6 62. Qg8# 1-0


[Site "https://www.chess.com"]

[Event "Titled Tuesday Blitz January 31 Late 2023"]
[White "Dardha, Daniel"]
[Black "Salem, A.R. Saleh"]
[WhiteFideId "240990"]
[BlackFideId "9301348"]
[WhiteElo "2631"]
[BlackElo "2677"]
[Result "1-0"]
[Round "08"]
[TimeControl "180+2"]
[Date "2023.01.31"]
[WhiteClock "0:00:36"]
[BlackClock "0:00:15"]

1. d4 Nf6 2. Bg5 Ne4 3. h4 c5 4. dxc5 h6 5. Bf4 e6 6. Nd2 Nxd2 7. Qxd2 Bxc5 8. e4 O-O 9. O-O-O d5 10. Nf3 Nc6 11. e5 Bd7 12. Bxh6 gxh6 13. Qxh6 f6 14. Qg6+ Kh8 15. Qh6+ Kg8 16. Rh3 Bxf2 17. Qg6+ Kh8 18. Qh6+ Kg8 19. Rd2 Qb6 20. Qg6+ Kh8 21. exf6 Rxf6 22. Qxf6+ Kg8 23. Ng5 1-0


[Site "https://www.chess.com"]

[Event "Titled Tuesday Blitz January 31 Late 2023"]
[White "Yoo, Christopher Woojin"]
[Black "Indjic, Aleksandar"]
[WhiteFideId "30909694"]
[BlackFideId "911925"]
[WhiteElo "2607"]
[BlackElo "2618"]
[Result "1-0"]
[Round "08"]
[TimeControl "180+2"]
[Date "2023.01.31"]
[WhiteClock "0:00:42"]
[BlackClock "0:00:53"]

1. e4 c5 2. Nf3 d6 3. d4 cxd4 4. Nxd4 Nf6 5. Nc3 a6 6. Rg1 h5 7. Bg5 Nc6 8. Qd2 Bd7 9. O-O-O Rc8 10. f4 Nxd4 11. Qxd4 Qa5 12. e5 dxe5 13. fxe5 Be6 14. exf6 Qxg5+ 15. Kb1 Qc5 16. fxg7 Qxd4 17. gxf8=Q+ Kxf8 18. Rxd4 Rg8 19. Be2 Rg5 20. Rh4 Kg7 21. Rxh5 Rg6 22. Bd3 Rf6 23. Ne4 Rf4 24. Rg5+ Kf8 25. Nc5 Bc4 26. Bxc4 Rxc4 27. Nd7+ Ke8 28. Nb6 1-0


[Site "https://www.chess.com"]

[Event "Titled Tuesday Blitz January 31 Late 2023"]
[White "Bortnyk, Olexandr"]
[Black "Kamsky, Gata"]
[WhiteFideId "14120828"]
[BlackFideId "2000024"]
[WhiteElo "2605"]
[BlackElo "2665"]
[Result "1/2-1/2"]
[Round "08"]
[TimeControl "180+2"]
[Date "2023.01.31"]
[WhiteClock "0:00:06"]
[BlackClock "0:00:14"]

1. e4 e5 2. Nf3 Nc6 3. Bb5 a6 4. Ba4 Nf6 5. Nc3 d6 6. d4 b5 7. dxe5 dxe5 8. Qxd8+ Nxd8 9. Bb3 Bd6 10. Bg5 c6 11. O-O-O Bc7 12. Bxf6 gxf6 13. Nh4 Ne6 14. Nf5 Nc5 15. Nh6 Be6 16. Bxe6 fxe6 17. b4 Nd7 18. Rd3 Nb6 19. Rhd1 a5 20. bxa5 Rxa5 21. Rg3 Kf8 22. Kb1 Ra8 23. Rdd3 Rc8 24. Ne2 Rd8 25. Nc1 Rxd3 26. Nxd3 Bd6 27. h4 Nc4 28. Kc1 Ke8 29. Kd1 Bf8 30. Ng4 Be7 31. h5 h6 32. Rf3 Rf8 33. Nxh6 f5 34. Rg3 fxe4 35. Ne1 Rxf2 36. Ng4 Rf5 37. h6 Rh5 38. Rh3 Rxh3 39. gxh3 Kf7 40. Ke2 Kg6 41. Ng2 Bg5 42. N2e3 Bxe3 43. Nxe3 Na3 44. Ng4 Nc4 45. h4 b4 46. h5+ Kh7 47. Kf2 c5 48. Ke2 Na3 49. Kd2 Nc4+ 50. Kd1 Na3 51. Kc1 Nc4 52. Kd1 Nb2+ 53. Ke2 Nc4 54. Ke1 Na3 55. Kd1 Nc4 56. Ke2 Na3 57. Kd2 Nc4+ 58. Kc1 e3 59. Kd1 e4 60. Ke2 Na3 61. Nf6+ Kxh6 62. Nxe4 c4 63. Kxe3 Nxc2+ 64. Kd2 Nd4 65. Nd6 c3+ 66. Kd3 e5 67. Nc4 e4+ 68. Ke3 Nf3 69. Nd6 Ng5 70. Nf5+ Kxh5 71. Nd4 Kg4 72. Nc2 Kf5 73. Nxb4 Nf3 74. a4 Ke5 75. a5 Kd6 76. Kxe4 Nd2+ 77. Kd3 Nb3 78. a6 Nc5+ 79. Kxc3 Nxa6 1/2-1/2


[Site "https://www.chess.com"]

[Event "Titled Tuesday Blitz January 31 Late 2023"]
[White "Kozak, Adam"]
[Black "Zhigalko, Sergei"]
[WhiteFideId "753246"]
[BlackFideId "13502956"]
[WhiteElo "2572"]
[BlackElo "2572"]
[Result "0-1"]
[Round "08"]
[TimeControl "180+2"]
[Date "2023.01.31"]
[WhiteClock "0:00:03"]
[BlackClock "0:00:08"]

1. c4 e5 2. Nc3 Nf6 3. Nf3 Nc6 4. e4 Bb4 5. d3 d6 6. a3 Ba5 7. b4 Bb6 8. Be2 a5 9. b5 Nd4 10. Be3 O-O 11. O-O h6 12. a4 c6 13. Rb1 Bc5 14. Bd2 Be6 15. Nxd4 Bxd4 16. Na2 d5 17. exd5 cxd5 18. Nc1 dxc4 19. dxc4 Bf5 20. Rb3 Ne4 21. Bd3 Qh4 22. g3 Nxg3 23. hxg3 Qxg3+ 24. Kh1 Qh4+ 25. Kg1 e4 26. Be2 Rad8 27. Kg2 e3 28. Bxe3 Bh3+ 29. Kg1 Bxe3 30. Rxe3 Rxd1 31. Rxd1 Bf5 32. Rd5 Be6 33. Rde5 Rd8 34. Nd3 Qxc4 35. b6 Qxa4 36. Nc5 Qa1+ 37. Kh2 Bd5 38. f3 Bc6 39. Bd3 g6 40. Bc4 Qb2+ 41. Be2 Qxb6 42. Kg2 Qb4 43. Nd3 Qg4+ 44. Kf2 Qh4+ 45. Kg2 a4 46. Nf2 Qf6 47. Ng4 Qg7 48. Re7 h5 49. Ne5 Bd5 50. Nd7 Qh6 51. Nf6+ Kg7 52. Ne8+ Rxe8 53. Rxe8 Qg5+ 54. Kf2 Qh4+ 55. Kg2 Qg5+ 56. Kf2 Bc6 57. R8e5 Qf4 58. Rc5 Qd4 59. Rc4 Qd6 60. Rd3 Qh2+ 61. Ke3 h4 62. Rdd4 Qg1+ 63. Kd2 h3 64. Rg4 h2 65. Rc1 Qf2 66. Rf1 Qb6 67. Rh4 Qb2+ 68. Ke1 a3 69. Rxh2 a2 70. Kf2 Qd4+ 71. Kg3 a1=Q 72. Rxa1 Qxa1 73. f4 Qc3+ 74. Kf2 Qd4+ 75. Kg3 Qe3+ 76. Kg4 Bd7+ 77. f5 Bxf5+ 78. Kh4 Qf4+ 79. Bg4 Qxg4# 0-1


[Site "https://www.chess.com"]